AoeStats
← GhoulHumaN_Tw

Arabia

509137548Analyzed
1v1 RM · 5d ago on Sep 25, 2026· 38m 20s· 2 players
Game mode
Random Map
Map size
Tiny (2 player)
Population
200
Speed
Normal
Resources
Standard
Victory
Conquest
Starting age
Dark Age
Ending age
Imperial Age
RankedLock teamsTeams togetherTeam positionsShared explorationLock speedFull tech treeHidden civsTurbo modeCheats
Victory
Defeat
🇹🇼 Franks · Taiwan
1044
+15
🇨🇳 Hindustanis · China
1031
-15
打井包出水
10:48 Feudal Age
10:36 Loom
14:43 Castle Age
12:56 Double-Bit Axe
25:35 Horse Collar
27:41 Wheelbarrow
27:05 Gold Mining
28:02 Bloodlines
28:10 Scale Barding Armor
28:13 Heavy Plow
30:43 Chain Barding Armor
30:34 Forging
35:14 Imperial Age
36:56 Imperial Age
35:06 Fletching
35:52 Iron Casting
40:32 Imperial Age
GhoulHumaN_Tw
6:58 Loom
9:38 Feudal Age
10:32 Double-Bit Axe
16:51 Wheelbarrow
20:59 Castle Age
19:52 Stone Mining
19:53 Gold Mining
22:23 Fletching
23:20 Gold Shaft Mining
23:31 Husbandry
23:37 Scale Mail Armor
23:48 Forging
24:53 Bow Saw
25:11 Chain Mail Armor
25:02 Squires
27:52 Iron Casting
29:16 Arson
32:06 Bodkin Arrow
Connection lost

Rejoining the realm…

Still unreachable

The connection could not be restored.

Session expired

The server has moved on; the page needs a fresh start.